 Dungeon Crawl Stone Soup version 0.20.1-1-g8b1a95d (webtiles) character file.

834 Blomdor the Chopper (level 7, -5/56 HPs)
             Began as a Barachi Fire Elementalist on Sept 25, 2017.
             Was a Follower of Okawaru.
             Slain by an ogre
             ... wielding a +0 giant spiked club
              (17 damage)
             ... on level 5 of the Dungeon.
             The game lasted 00:10:51 (5043 turns).

Blomdor the Chopper (Barachi Fire Elementalist)     Turns: 5043, Time: 00:10:51

Health: -5/56      AC:  7    Str: 12    XL:     7   Next: 98%
Magic:  10/10      EV:  9    Int: 15    God:    Okawaru [*.....]
Gold:   307        SH:  0    Dex: 12    Spells: 9/10 levels left

rFire    . . .     SeeInvis .   m - +2 short sword (venom)
rCold    . . .     Gourm    .   (no shield)
rNeg     . . .     Faith    +   u - +0 scale mail
rPois    .         Spirit   .   (no helmet)
rElec    .         Reflect  .   (no cloak)
rCorr    .         Harm     .   y - +0 pair of gloves
MR       .....                  (no boots)
Stlth    ..........             v - amulet of faith
Regen    0.2/turn               q - ring of wizardry
MPRegen  0.2/turn               (no ring)

@: slow
A: +LOS, swims, slowness 1, strong legs 1
a: Hop, Heroism, Renounce Religion


You were on level 5 of the Dungeon.
You worshipped Okawaru.
Okawaru was aware of your devotion.
You were very hungry.

You visited 1 branch of the dungeon, and saw 5 of its levels.
You also visited: Sewer.

You collected 307 gold pieces.

Inventory:

Hand Weapons
 e - a +0 spear
 m - a +2 short sword of venom (weapon)
 n - a +0 hand axe
Armour
 d - a +0 shield
 u - a +0 scale mail (worn)
 y - a +0 pair of gloves (worn)
Jewellery
 q - a ring of wizardry (left hand)
 v - an amulet of faith (around neck)
Wands
 A - a wand of polymorph (13/24)
Scrolls
 a - a scroll of immolation
 g - a scroll of amnesia
 h - 2 scrolls of remove curse
 i - a scroll of fear
 k - a scroll of magic mapping
 r - 2 scrolls of teleportation
 s - a scroll of recharging
 t - a scroll of enchant weapon
 z - a scroll of identify
Potions
 f - a potion of cancellation {unknown}
 l - a potion of curing
 o - 3 potions of flight
 p - 2 potions of brilliance
 w - a potion of magic
 x - a potion of haste
Books
 b - a book of Flames

   Spells                             Type                      Level
   a - Flame Tongue                   Conjuration/Fire             1
   b - Throw Flame                    Conjuration/Fire             2
   c - Conjure Flame                  Conjuration/Fire             3
   d - Inner Flame                    Hexes/Fire                   3
   e - Sticky Flame                   Conjuration/Fire             4
   f - Fireball                       Conjuration/Fire             5
Comestibles
 c - 2 bread rations
 j - a royal jelly


   Skills:
 + Level 5.0 Fighting
 * Level 6.8 Axes
 + Level 3.1 Armour
 - Level 2.1 Dodging
 - Level 1.7 Stealth
 - Level 0.2 Shields
 - Level 2.1 Spellcasting
 - Level 1.1 Conjurations
 - Level 3.2 Fire Magic
 + Level 1.9 Invocations


You had 9 spell levels left.
You knew the following spells:

 Your Spells              Type           Power        Failure   Level  Hunger
a - Flame Tongue          Conj/Fire      #....        17%         1    #......


Dungeon Overview and Level Annotations

Branches:
Dungeon (5/15)
 Temple: D:4-7

Altars:
Fedhas
Kikubaaqudgha
Okawaru
Trog
Vehumet

Annotations:
D:3 bepotato's ghost, amateur DENe


Innate Abilities, Weirdness & Mutations

Shadows flee at your approach. (+LOS)
You can swim through water.
You cover ground slowly.
You can hop short distances.


Message History

An ogre is nearby!
You hit the ogre.
The ogre is poisoned.
The ogre is lightly wounded.
The ogre closely misses you.
You barely miss the ogre.
The ogre is moderately wounded.
The ogre hits you with a giant spiked club!
You puncture the ogre!
The ogre is heavily wounded.
You hit the ogre.
The ogre is heavily wounded.
The ogre hits you with a giant spiked club!
You hit the ogre.
The ogre looks as sick as possible!
The ogre is severely wounded.
The ogre hits you with a giant spiked club!!
* * * LOW HITPOINT WARNING * * *
You hit the ogre.
The ogre is almost dead.
The ogre hits you with a giant spiked club!
You die...

...........####.#....#### #.##.
....#...##..............#####....
....(.########..###......#......#
....### ##..#####....<##..##
....# ##.##.....#.####.# ....#
##.##.###....###.## ....#
#####.....# ##.#......#
#####*****#......#### #..####..#
*......####@#*****##..# #..#
**.###**#..O.......###.# #...
****,,* *#............#*.#*####
**,,,,** #............$.,..,* *
,,,**** #<............(,...* *
**** #..............,...# * *
#..............,...# * **
#..............*#### ,*
##............#*


You could see an ogre.

Vanquished Creatures
  2 ogres (D:4)
  A big kobold (Sewer)
  A scorpion (D:4)
  2 orc priests (D:5)
  A hound (D:5)
  5 orc wizards (D:4)
  A bullfrog skeleton (D:4)
  3 worker ants
  6 adders
  4 river rats (Sewer)
  2 shadow imps (D:5)
  2 oozes
  2 worms
  4 dart slugs
  3 leopard geckos
  7 orcs
  7 bats
  3 giant cockroaches
  9 goblins
  6 hobgoblins
  12 jackals
  5 kobolds
  2 quokkas (D:5)
  2 ball pythons
  4 frilled lizards
  A jackal zombie (D:5)
  A leopard gecko skeleton (D:5)
  2 quokka skeletons (D:4)
  4 rats
104 creatures vanquished.

Notes
Turn   | Place    | Note
-------+----------+-------------------------------------------
     0 | D:1      | Blomdor the Barachi Fire Elementalist began the quest for the Orb.
     0 | D:1      | Reached XP level 1. HP: 13/13 MP: 3/3
    32 | D:1      | Reached skill level 1 in Fighting
   146 | D:1      | Reached XP level 2. HP: 10/22 MP: 3/5
   552 | D:1      | Reached XP level 3. HP: 27/29 MP: 6/6
  1058 | D:2      | Reached skill level 1 in Armour
  1119 | D:2      | Reached XP level 4. HP: 17/37 MP: 3/7
  1163 | D:2      | Found a radiant altar of Vehumet.
  1436 | D:2      | Reached skill level 1 in Axes
  1469 | D:2      | Found an iron altar of Okawaru.
  1838 | D:2      | Became a worshipper of Warmaster Okawaru
  1893 | D:3      | Reached skill level 2 in Axes
  2130 | D:3      | Found a bloodstained altar of Trog.
  2226 | D:3      | Noticed bepotato's ghost (amateur DENe)
  2506 | D:4      | Found a blossoming altar of Fedhas.
  2509 | D:4      | Found an ancient bone altar of Kikubaaqudgha.
  2676 | D:4      | Reached skill level 3 in Axes
  2676 | D:4      | Reached XP level 5. HP: 32/42 MP: 8/8
  2890 | D:4      | Noticed an ogre
  2913 | D:4      | Killed an ogre
  2913 | D:4      | Reached * piety under Okawaru
  2913 | D:4      | Reached skill level 4 in Axes
  2913 | D:4      | Reached XP level 6. HP: 45/48 MP: 9/9
  2922 | D:4      | Reached skill level 5 in Axes
  3213 | D:4      | Reached skill level 1 in Invocations
  3213 | D:4      | Reached XP level 7. HP: 45/54 MP: 10/10
  3429 | D:4      | Reached skill level 6 in Axes
  3922 | D:5      | Entered Level 5 of the Dungeon
  4154 | D:5      | Found a glowing drain.
  4177 | Sewer    | Entered a sewer
  4478 | Sewer    | Found a white marble altar of Elyvilon.
  4586 | D:5      | Reached skill level 5 in Fighting
  5043 | D:5      | Slain by an ogre

Skill      XL: |  1  2  3  4  5  6  7 |
---------------+----------------------+-----
Fighting       | 2 3 4 5 |  5.0
Armour         | 1 2 3 |  3.1
Axes           | 3 4 5 6 |  6.8
Invocations    | 1 |  1.9
Dodging        | |  2.1
Stealth        | |  1.7
Shields        | |  0.2
Spellcasting   | |  2.1
Conjurations   | |  1.1
Fire Magic     | |  3.2

Action                   |  1- 3 |  4- 6 |  7- 9 || total
-------------------------+-------+-------+-------++-------
Melee: Unarmed           |     4 |       |       ||     4
       Spear             |    98 |       |       ||    98
       Short sword       |       |   122 |   176 ||   298
 Cast: Flame Tongue      |    10 |     1 |       ||    11
 Abil: Hop               |     1 |       |     1 ||     2
  Use: Scroll            |     2 |       |    13 ||    15
       Potion            |       |     5 |     2 ||     7
 Stab: Sleeping          |     5 |     3 |       ||     8
  Eat: Chunk             |     1 |     4 |     4 ||     9
       Meat ration       |       |     1 |       ||     1
Armor: Robe              |    17 |    11 |       ||    28
       Scale mail        |       |    15 |   103 ||   118
       Skin              |       |    25 |       ||    25
Dodge: Dodged            |    57 |    55 |   114 ||   226
